 Dungeon Crawl Stone Soup version 0.32-a0-132-g2d33c3cfaf (webtiles) character file.

Game seed: 14052997309295823435

49 jasper the Apothecary (level 3, -5/19 HPs)
             Began as a Deep Elf Alchemist on Feb 9, 2024.
             Killed by divine providence
             ... invoked by an orc priest
              (12 damage)
             ... on level 3 of the Dungeon.
             The game lasted 00:02:35 (1032 turns).

jasper the Apothecary (Deep Elf Alchemist)          Turns: 1032, Time: 00:02:35

Health: -5/19      AC:  2    Str:  5    XL:     3   Next: 53%
Magic:  7/9        EV: 12    Int: 21    God:
Gold:   36         SH:  0    Dex: 15    Spells: 4/8 levels left

rFire   . . .        l - +0 mace
rCold   . . .        (no shield)
rNeg    . . .        a - +0 robe
rPois   .            (no helmet)
rElec   .            (no cloak)
rCorr   .            (no gloves)
SInv    .            (no boots)
Will    .....        (no amulet)
Stlth   ++           (no ring)
HPRegen 0.23/turn    (no ring)
MPRegen 0.11/turn

%: no passive effects
@: no status effects
A: no striking features
a: no special abilities


You were on level 3 of the Dungeon.
You visited 1 branch of the dungeon, and saw 3 of its levels.

You collected 36 gold pieces.

Inventory:

Hand Weapons
 h - a +0 dagger
 l - a +0 mace (weapon)
Missiles
 c - 24 stones
Armour
 a - a +0 robe (worn)
Scrolls
 d - 2 scrolls of enchant weapon {unknown}
 e - a scroll of poison {unknown}
 i - a scroll of noise {unknown}
 j - a scroll of silence {unknown}
 k - a scroll of fear {unknown}
Potions
 b - a potion of magic
 f - a potion of enlightenment {unknown}
 g - a potion of curing {unknown}


   Skills:
 - Level 2.4 Dodging
 - Level 2.4 Stealth
 - Level 3.0 Spellcasting
 + Level 1.3 Conjurations
 + Level 0.3 Air Magic
 + Level 4.9 Alchemy


You had 4 spell levels left.
You knew the following spells:

 Your Spells              Type           Power      Damage    Failure   Level
a - Sting                 Conj/Alch      64%        1d7       3%          1
b - Mephitic Cloud        Conj/Alch/Air  12%        N/A       16%         3

Your spell library contained the following spells:

 Spells                   Type           Power      Damage    Failure   Level
 Mercury Vapours          Alch/Air       28%        N/A       7%          2
 Magic Dart               Conj           32%        1d4       8%          1
 Searing Ray              Conj           16%        2d5       12%         2
 Olgreb's Toxic Radiance  Alch           24%        N/A       17%         4
 Fulminant Prism          Conj/Alch      8%         3d6       36%         4
 Sticky Flame             Fire/Alch      13%        2d5       43%         4


Dungeon Overview and Level Annotations

Branches:
Dungeon (3/15)

Altars:


Message History

A frilled lizard comes into view.
You see here a +0 hand axe.
Aiming: Sting (safe; 3% risk of failure)
Press: ? - help, Q - select action, (/) - cycle Shift-Dir - straight line, f - frilled lizard
Aim: a frilled lizard (57% to hit)
The sting hits the frilled lizard!
The frilled lizard is poisoned.
You kill the frilled lizard!
You now have 8/9 mp.
You see here a +0 hand axe.
A goblin comes into view. It is wielding a +0 club.
Found a stone staircase leading down.
MP restored: 9 A hobgoblin comes into view.
A goblin comes into view. It is wielding a +0 club.
You see here a frilled lizard corpse.
There is a stone staircase leading down here.
You climb downwards.
Found an escape hatch in the floor.
There is a stone staircase leading up here.
Aiming: Sting (safe; 3% risk of failure)
Press: ? - help, Q - select action, (/) - cycle Shift-Dir - straight line, f - orc priest
Aim: an orc priest, wielding a +0 hand axe (asleep, 100% to hit)
The sting hits the orc priest.
The orc priest is poisoned.
The orc priest is lightly wounded.
The orc priest shouts!
The orc shouts!
The orc priest shouts!
You hear a shout!
The orc priest calls down the wrath of Beogh upon you.
Beogh smites you!
Ouch! That really hurt!
An orc comes into view. It is wielding a +0 dagger.
You take 12 damage, and have 7/19 hp.
MASSIVE DAMAGE!!
You now have 8/9 mp.
Aiming: Sting (safe; 3% risk of failure)
Press: ? - help, Q - select action, (/) - cycle Shift-Dir - straight line, f/p - orc priest
Aim: an orc priest, wielding a +0 hand axe (lightly wounded, poisoned, 74% to hit)
The sting hits the orc priest.
The orc priest looks even sicker.
The orc priest is moderately wounded.
The orc priest invokes the aid of Beogh against you.
Beogh smites you!
Ouch! That really hurt!
You die...

### #+ .. ..
.o#o .#. ..
##.########
.####..........
.......@.....#
>.#..........#
#..........#
#..........#
.........###..
........... .
............
.....###.#...


You could see an orc priest and an orc.

Vanquished Creatures
  An orc wizard (D:2)
  A ribbon worm (D:2)
  2 orcs (D:2)
  An endoplasm (D:1)
  2 goblins
  2 quokkas (D:2)
  3 ball pythons (D:1)
  4 bats
  2 frilled lizards
  2 kobolds
  4 rats
24 creatures vanquished.

Notes
Turn   | Place    | Note
-------+----------+-------------------------------------------
     0 | D:1      | jasper the Deep Elf Alchemist began the quest for the Orb.
     0 | D:1      | Reached XP level 1. HP: 10/10 MP: 6/6
   342 | D:1      | Reached XP level 2. HP: 15/15 MP: 6/8
   365 | D:1      | Reached skill level 4 in Alchemy
   701 | D:2      | Reached XP level 3. HP: 15/19 MP: 2/9
   738 | D:1      | Learned a level 3 spell: Mephitic Cloud
  1032 | D:3      | Killed from afar by an orc priest

Illustrated notes

Levels and vault maps discovered:
D:1:      nagdon_arrival_zigzag_paths, layout_basic, serial_forest,
          infiniplex_forest_zigzag_1, infiniplex_forest_lined_corner,
          infiniplex_forest_end_3, infiniplex_forest_lined_room_2,
          infiniplex_forest_lined_3, infiniplex_forest_clump_tiny,
          infiniplex_forest_lined_3
D:2:      layout_loops_corners, basic_altar, uniq_robin
D:3:      layout_basic, mainiacjoe_overflow_chevrons, serial_shops, shop,
          uniq_crazy_yiuf_cottage

Skill      XL: |  1  2 |
---------------+-------+-----
Alchemy        | 4 |  4.9
Dodging        | |  2.4
Stealth        | |  2.4
Spellcasting   | |  3.0
Conjurations   | |  1.3
Air Magic      | |  0.3

Action                     || total
---------------------------++-------
  Melee: Mace              ||     1
   Cast: Sting             ||    42
 Armour: Robe              ||    10
  Dodge: Dodged            ||     7

Table legend: (Time is in decaauts)
 A = Elapsed time spent in this place.
 B = Non-inter-level travel time spent in this place.
 C = Inter-level travel time spent in this place.
 D = Time resting spent in this place.
 E = Time spent auto-exploring this place.
 F = Levels seen in this place.
 G = Mean time per level.
                   A        B        C        D        E       F      G
               +--------+--------+--------+--------+--------+-----+--------+
         Total |   1032 |   1018 |     14 |     68 |    796 |   3 |  344.0 |
       Dungeon |   1032 |   1018 |     14 |     68 |    796 |   3 |  344.0 |
               +--------+--------+--------+--------+--------+-----+--------+

Top non-repeatable levels by time:
     D:1: 754 daAuts
     D:2: 276 daAuts
     D:3: 1 daAuts
